AoeStats
← Rattack

Golden Pit

509332249Analyzed
1v1 RM · 7d ago on Sep 26, 2026· 26m 52s· 2 players
Game mode
Random Map
Map size
Tiny (2 player)
Population
200
Speed
Normal
Resources
Standard
Victory
Conquest
Starting age
Dark Age
Ending age
Imperial Age
RankedLock teamsTeams togetherTeam positionsShared explorationLock speedFull tech treeHidden civsTurbo modeCheats
Victory
Defeat
🇬🇧 Teutons · United Kingdom
1499
+17
🇫🇮 Wei · Finland
1512
-17
Powler
10:26 Feudal Age
14:53 Castle Age
13:06 Double-Bit Axe
13:55 Horse Collar
15:24 Loom
16:34 Bow Saw
18:43 Gold Mining
22:08 Fletching
23:34 Town Watch
26:57 Wheelbarrow
27:19 Stone Mining
Rattack
7:47 Loom
9:59 Feudal Age
13:37 Castle Age
12:07 Double-Bit Axe
13:47 Fletching
17:10 Bodkin Arrow
Connection lost

Rejoining the realm…

Still unreachable

The connection could not be restored.

Session expired

The server has moved on; the page needs a fresh start.